 Dungeon Crawl Stone Soup version 0.24-a0-581-gc0fa6600bf (webtiles) character file.

Game seed: 2900502441675677932

1946 Amnesiac the Covert (level 8, 0/41 HPs)
             Began as a Deep Elf Enchanter on Aug 25, 2019.
             Was a Believer of Dithmenos.
             Killed from afar by an orc wizard (10 damage)
             ... with a puff of flame
             ... on level 6 of the Dungeon.
             The game lasted 00:09:29 (5712 turns).

Amnesiac the Covert (Deep Elf Enchanter)            Turns: 5712, Time: 00:09:30

Health: 0/41       AC: 10    Str:  5    XL:     8   Next: 98%
Magic:  20/23      EV: 12    Int: 23    God:    Dithmenos [**....]
Gold:   266        SH:  5    Dex: 15    Spells: 3/13 levels left

rFire    . . .     SeeInvis .   a - +1 rapier (venom)
rCold    . . .     Gourm    .   s - +0 buckler
rNeg     + . .     Faith    .   g - +2 ring mail {rN+}
rPois    .         Spirit   .   (no helmet)
rElec    .         Reflect  .   (no cloak)
rCorr    .         Harm     .   e - +1 pair of gloves
MR       .....                  h - +0 pair of boots
Stlth    ++++......             (no amulet)
HPRegen  0.13/turn              n - +3 ring of evasion
MPRegen  0.18/turn              D - ring of magical power

@: wreathed by umbra, drained
A: no striking features
a: Shadow Step, Renounce Religion


You were on level 6 of the Dungeon.
You worshipped Dithmenos.
Dithmenos was pleased with you.
You were not hungry.

You visited 1 branch of the dungeon, and saw 6 of its levels.
You also visited: Sewer.

You collected 266 gold pieces.

Inventory:

Hand Weapons
 a - a +1 rapier of venom (weapon)
 l - a +1 dagger
Missiles
 i - 34 poisoned darts (quivered)
 k - 2 throwing nets
 r - 12 atropa-tipped darts
Armour
 e - a +1 pair of gloves (worn)
 g - a +2 ring mail of positive energy (worn)
 h - a +0 pair of boots (worn)
 s - a +0 buckler (worn)
 B - a +0 helmet
Jewellery
 n - a +3 ring of evasion (left hand)
 D - a ring of magical power (right hand)
Wands
 b - a wand of disintegration (5)
 w - a wand of paralysis (11)
Scrolls
 c - a scroll of enchant weapon
 m - a scroll of magic mapping
 o - 3 scrolls of teleportation
 v - 2 scrolls of remove curse
 y - a scroll of fog
 C - a scroll of blinking {unknown}
Potions
 f - a potion of magic
 j - a potion of lignification {unknown}
 p - 2 potions of heal wounds
 q - a potion of ambrosia {unknown}
 u - a potion of experience {unknown}
 x - a potion of curing
 z - a potion of haste {unknown}
 A - a potion of berserk rage {unknown}
Comestibles
 d - 7 rations
 t - 3 chunks of flesh


   Skills:
 * Level 7.9(7.2) Short Blades
 - Level 2.4(1.8) Dodging
 - Level 8.2(7.5) Stealth
 + Level 3.5(2.9) Shields
 - Level 3.0(2.3) Spellcasting
 + Level 7.3(6.6) Hexes


You had 3 spell levels left.
You knew the following spells:

 Your Spells              Type           Power        Failure   Level  Hunger
a - Ensorcelled Hibernat  Hex/Ice        ###...       26%         2    ##.....
b - Corona                Hex            ####...      4%          1    None
e - Confuse               Hex            ####....     14%         3    ###....
w - Tukima's Dance        Hex            ####....     14%         3    ###....
z - Confusing Touch       Hex            ####..       4%          1    None

Your spell library contained the following spells:

 Spells                   Type           Power        Failure   Level  Hunger
 Dazzling Spray           Conj/Hex       ###...       47%         3    ###....
 Gell's Gravitas          Tloc           #.........   90%         3    ###....
 Metabolic Englaciation   Hex/Ice        ###.......   99%         5    ######.
 Yara's Violent Unravell  Hex/Tmut       ###.......   99%         5    ######.
 Petrify                  Tmut/Erth      #.......     100%        4    ####...


Dungeon Overview and Level Annotations

Branches:
Dungeon (6/15)              Sewer (visited)
 Temple: D:4-7

Altars:
Dithmenos
Sif Muna
Wu Jian
Zin
The Shining One


Message History

Your shield and ring mail prevent you from hitting the orc wizard.
The orc wizard is heavily wounded.
The orc wizard hits you but does no damage.
Something hits you.
* * * LOW HITPOINT WARNING * * *
You hit the orc wizard but do no damage.
The orc wizard is heavily wounded.
Something hits you but does no damage.
The orc wizard hits you but does no damage.
You hit the orc wizard but do no damage.
The orc wizard looks as sick as possible!
The orc wizard is severely wounded.
You kill the orc wizard!
Dithmenos accepts your kill.
Reactivating autopickup.
You hear some strange, mumbled words.
A puff of flame appears from out of thin air!
Deactivating autopickup; reactivate with Ctrl-A.
The puff of flame hits you!
You die...

#.# # #.#
#.##.#####
#....†)..##
)o.#...##...##
......#...#.#.#####
..... ##........){#
.... #...#.#.###)##
...
#...##...###@).##
.. ###.
##.###.....## . #.
#.##.......# #.
#.###.....## #. #.#
##...## #.# ##.##
#.# #.# #.#


There were no monsters in sight!

Vanquished Creatures
  The ghost of Gall2222 the Chopper, an amateur HOMo of Beogh (D:3)
  Prince Ribbit (D:5)
  Duvessa (D:5)
  An orc warrior (D:6)
  2 ogres
  A centaur (D:6)
  4 big kobolds (Sewer)
  2 bullfrogs (D:6)
  Dowan (D:5)
  3 scorpions
  A water moccasin skeleton (D:4)
  An electric eel (D:6)
  An orc wizard (D:6)
  Ijyb (D:5)
  5 worker ants
  10 adders
  5 river rats (Sewer)
  An ooze (Sewer)
  An adder skeleton (D:4)
  5 worms
  5 leopard geckos
  9 orcs
  4 bats
  8 giant cockroaches
  7 goblins
  3 hobgoblins (D:2)
  9 jackals
  A quokka (D:5)
  2 ball pythons (Sewer)
  A frilled lizard (D:2)
  9 kobolds
  A leopard gecko skeleton (D:6)
  10 rats
117 creatures vanquished.

Notes
Turn   | Place    | Note
-------+----------+-------------------------------------------
     0 | D:1      | Amnesiac the Deep Elf Enchanter began the quest for the
                  | Orb.
     0 | D:1      | Reached XP level 1. HP: 10/10 MP: 6/6
   122 | D:2      | Reached skill level 4 in Stealth
   240 | D:2      | Reached XP level 2. HP: 9/15 MP: 6/8
   244 | D:2      | Learned a level 2 spell: Ensorcelled Hibernation
   528 | D:4      | Reached skill level 5 in Stealth
   528 | D:4      | Reached XP level 3. HP: 6/19 MP: 9/9
   578 | D:4      | Found a shadowy altar of Dithmenos.
   579 | D:4      | Found a glowing silver altar of Zin.
   581 | D:4      | Found a glowing golden altar of the Shining One.
   583 | D:4      | Found a shimmering blue altar of Sif Muna.
   584 | D:4      | Found an ornate altar of the Wu Jian Council.
   586 | D:4      | Became a worshipper of Dithmenos the Shadowed
   621 | D:4      | Found a glowing drain.
   631 | D:4      | Reached XP level 4. HP: 14/24 MP: 10/10
   644 | Sewer    | Entered a sewer
  1140 | Sewer    | Learned a level 3 spell: Tukima's Dance
  1144 | Sewer    | Learned a level 3 spell: Confuse
  1204 | Sewer    | Reached skill level 6 in Stealth
  1454 | Sewer    | Noticed a big kobold
  1454 | Sewer    | Noticed a big kobold
  1476 | Sewer    | Killed a big kobold
  1476 | Sewer    | Reached XP level 5. HP: 16/28 MP: 1/11
  1493 | Sewer    | Reached skill level 7 in Stealth
  1726 | Sewer    | Reached XP level 6. HP: 32/32 MP: 12/12
  1817 | Sewer    | Reached skill level 8 in Stealth
  1885 | Sewer    | Reached * piety under Dithmenos
  3617 | D:4      | Found a runed translucent door.
  3635 | D:4      | Reached XP level 7. HP: 29/36 MP: 13/13
  3640 | D:4      | Noticed Gall2222's ghost (amateur HOMo)
  3678 | D:3      | Killed Gall2222's ghost
  3678 | D:3      | Reached skill level 5 in Short Blades
  3678 | D:3      | Reached skill level 1 in Shields
  3678 | D:3      | Reached skill level 5 in Hexes
  3781 | D:4      | Found a runed translucent door.
  3843 | D:4      | Reached ** piety under Dithmenos
  3892 | D:4      | Reached XP level 8. HP: 34/41 MP: 14/14
  4011 | D:4      | Learned a level 1 spell: Confusing Touch
  4169 | D:5      | Entered Level 5 of the Dungeon
  4471 | D:5      | Noticed Ijyb
  4474 | D:5      | Killed Ijyb
  4699 | D:5      | Noticed Prince Ribbit
  4704 | D:5      | Killed Prince Ribbit
  4753 | D:5      | Noticed Duvessa
  4755 | D:5      | Noticed Dowan
  4796 | D:5      | Killed Duvessa
  4805 | D:5      | Killed Dowan
  5712 | D:6      | Killed from afar by an orc wizard

Levels and vault maps discovered:
D:1:      zaba_arrival_water, layout_basic
D:2:      layout_basic, first_ration
D:3:      layout_loops_corners
D:4:      layout_cave_pools, grunt_temple_overflow_open, ebering_ghost_sewer_f,
          gup_sewer_entry_pipe
D:5:      layout_basic, uniq_prince_ribbit1, uniq_ijyb, uniq_duvessa
D:6:      layout_loops_ring, kennysheep_potato, uniq_crazy_yiuf_cottage

Skill      XL: |  1  2  3  4  5  6  7  8 |
---------------+-------------------------+-----
Stealth        | 4 5 6 7 8 |  8.2
Short Blades   | 2 3 4 6 7 |  7.9
Shields        | 2 3 |  3.5
Hexes          | 5 7 |  7.3
Dodging        | |  2.4
Spellcasting   | |  3.0

Action                   |  1- 3 |  4- 6 |  7- 9 || total
-------------------------+-------+-------+-------++-------
Melee: Dagger            |    21 |       |       ||    21
       Rapier            |    53 |   188 |   108 ||   349
 Cast: Corona            |     4 |       |     1 ||     5
       Ensorcelled Hiber |     2 |    16 |     4 ||    22
       Confuse           |       |       |    14 ||    14
Evoke: Wand              |       |       |     7 ||     7
  Use: Scroll            |     3 |     7 |     4 ||    14
 Stab: Sleeping          |     7 |    16 |    13 ||    36
       Confused          |       |       |     1 ||     1
  Eat: Chunk             |       |     5 |     7 ||    12
       Ration            |       |     1 |     1 ||     2
Armor: Robe              |     3 |       |       ||     3
       Ring mail         |    43 |    53 |    33 ||   129
Dodge: Dodged            |    56 |   116 |    53 ||   225
Block: Buckler           |       |       |    13 ||    13

Table legend:
 A = Non-vault XP
 B = Vault XP
 C = Vault XP percentage of total XP
 D = Non-vault monster count
 E = Vault monster count
 F = Vault count percentage of total count
                 A         B        C        D         E       F
            +---------+---------+-------+---------+---------+-------
      Total |    1290 |    1490 |  53.6 |      72 |      45 |  38.5
            +---------+---------+-------+---------+---------+-------
        D:1 |       4 |       0 |   0.0 |       3 |       0 |   0.0
        D:2 |      43 |       0 |   0.0 |      19 |       0 |   0.0
        D:3 |      47 |     316 |  87.1 |       8 |       1 |  11.1
        D:4 |     482 |      33 |   6.4 |      23 |      10 |  30.3
        D:5 |     207 |     511 |  71.2 |       7 |       4 |  36.4
        D:6 |     507 |      93 |  15.5 |      12 |       2 |  14.3
      Sewer |       0 |     537 | 100.0 |       0 |      28 | 100.0
            +---------+---------+-------+---------+---------+-------
